 Dungeon Sprint DCSS version 0.27-a0-1158-gaa87e14f67 (webtiles) character file.

Game seed: 3215300690842030413

3085 Zeld the Fighter (level 9, -2/91 HPs)
             Began as an Octopode Fighter on May 16, 2021.
             Was the Champion of Jiyva.
             Killed by the air
             ... invoked by a wind drake
              (13 damage)
             ... in the Dungeon (Sprint V: "Ziggurat Sprint").
             The game lasted 00:02:48 (238 turns).

Zeld the Fighter (Octopode Fighter)                  Turns: 238, Time: 00:02:48

Health: -2/91      AC:  3    Str: 36    XL:     9   Next: 89%
Magic:  9/9        EV: 11    Int:  9    God:    Jiyva [******]
Gold:   0          SH: 30    Dex: 11    Spells: 8/8 levels left

rFire    + . .     SeeInvis .   t - +5 broad axe
rCold    + . .     Faith    .   s - +3 tower shield
rNeg     . . .     Spirit   .   (helmet restricted)
rPois    .         Reflect  +   E - amulet of reflection
rElec    .         Harm     .   u - +6 ring of strength
rCorr    +         Rampage  .   v - +6 ring of strength
Will     .....     NoTele   +   m - ring of protection from fire
Stlth    ++........             C - +6 ring of strength
HPRegen  0.25/turn              (no ring)
MPRegen  0.11/turn              (no ring)
                                (no ring)
                                (no ring)

@: flying (expiring)
A: almost no armour, amphibious, 8 rings, camouflage 1, gelatinous body 1,
(nimble swimmer 1), tentacles, iridescent scales 1, clumsy 1, cold resistance 1,
high mp 1, sense surroundings 1, robust 2, acidic bite, evolution 1, engulf
a: Renounce Religion, Request Jelly, Slimify, Cure Bad Mutation


You were in the Dungeon.
You worshipped Jiyva.
Jiyva was exalted by your worship.
You visited 1 branch

Inventory:

Hand Weapons
 a - a +0 war axe
 t - a +5 broad axe (weapon)
Armour
 b - a +0 kite shield
 s - a +3 tower shield (worn)
Jewellery
 m - a ring of protection from fire (on tentacle)
 u - a +6 ring of strength (left tentacle)
 v - a +6 ring of strength (right tentacle)
 C - a +6 ring of strength (on tentacle)
 E - an amulet of reflection (around mantle)
Wands
 x - a wand of mindburst (7)
 y - a wand of iceblast (7)
 z - a wand of acid (7)
Scrolls
 i - 4 scrolls of blinking
 n - 4 scrolls of amnesia
 o - 7 scrolls of fog
 p - a scroll of holy word
 q - 5 scrolls of identify
 r - 2 scrolls of fear
Potions
 c - 6 potions of might
 d - 9 potions of curing
 e - 7 potions of heal wounds
 f - 6 potions of haste
 g - 7 potions of magic
 h - 3 potions of berserk rage
 j - 2 potions of brilliance
 k - 2 potions of invisibility
 l - 4 potions of resistance
Miscellaneous
 w - a lightning rod (4/4)
 A - a phial of floods
 B - a tin of tremorstones (2/2)
 D - a phial of floods
 F - a lightning rod (4/4)
 G - a lightning rod (4/4)


   Skills:
 * Level 13.0 Fighting
 * Level 12.8 Axes
 - Level 3.0 Dodging
 * Level 13.0 Shields


You had 8 spell levels left.
You didn't know any spells.
Your spell library contained the following spells:

 Spells                   Type           Power      Damage    Failure   Level
 Foxfire                  Conj/Fire      0%         2x1d4     88%         1
 Magic Dart               Conj           0%         1d3       88%         1
 Summon Small Mammal      Summ           0%         N/A       88%         1
 Blink                    Tloc           N/A        N/A       96%         2
 Call Imp                 Summ           0%         N/A       96%         2
 Searing Ray              Conj           0%         3d3       96%         2
 Call Canine Familiar     Summ           0%         N/A       99%         3
 Dazzling Flash           Conj/Hex       0%         N/A       99%         3
 Ignite Poison            Fire/Tmut/Pois 0%         N/A       99%         3
 Summon Guardian Golem    Hex/Summ       0%         N/A       99%         3
 Teleport Other           Tloc           0%         N/A       99%         3
 Tukima's Dance           Hex            0%         N/A       99%         3
 Fulminant Prism          Conj/Hex       0%         3d6       100%        4
 Iskenderun's Mystic Bla  Conj/Tloc      0%         2d3       100%        4
 Summon Ice Beast         Ice/Summ       0%         N/A       100%        4
 Summon Lightning Spire   Summ/Air       0%         N/A       100%        4
 Fireball                 Conj/Fire      0%         3d3       100%        5
 Irradiate                Conj/Tmut      0%         3d14      100%        5
 Metabolic Englaciation   Hex/Ice        0%         N/A       100%        5
 Eringya's Noxious Bog    Tmut/Pois      0%         N/A       100%        6
 Starburst                Conj/Fire      0%         8x6d3     100%        6
 Discord                  Hex            0%         N/A       100%        8
 Ignition                 Fire           0%         3d3       100%        8


Dungeon Overview and Level Annotations

Branches:
Dungeon (1/1)

Altars:
Ashenzari
Cheibriados
Dithmenos
Elyvilon
Fedhas
Gozag
Hepliaklqana
Kikubaaqudgha
Makhleb
Nemelex Xobeh
Okawaru
Qazlal
Ru
Sif Muna
Trog
Uskayaw
Vehumet
Wu Jian
Xom
Yredelemnul
Zin
The Shining One
Beogh
Jiyva
Lugonu

Annotations:
D 1 transporter


Innate Abilities, Weirdness & Mutations

You cannot wear most types of armour.
You are amphibious.
You can wear up to eight rings at the same time.
Your skin changes colour to match your surroundings (Stealth+).
Your rubbery body absorbs attacks. (AC +1, EV +1)
((You are camouflaged near water. (Stealth+)))
You have tentacles for arms and can constrict up to eight enemies at once.
You are partially covered in iridescent scales. (AC +2)
You are clumsy. (Dex -2)
Your flesh is cold resistant. (rC+)
You have an increased reservoir of magic. (+10% MP)
You passively map a small area around you.
You are very robust. (+20% HP)
You have acidic saliva.
You evolve.
Your melee attacks may engulf your foes in ooze.


Message History

The air elemental hits you!
* * * LOW HITPOINT WARNING * * *
You hear a distant slurping noise.
You feel better. You block the air elemental's attack.
The air elemental hits you.
* * * LOW HITPOINT WARNING * * *
The wind drake hisses angrily.
You are too injured to fight recklessly!
You are too injured to fight recklessly!
Okay, then.
You feel much better.
You are engulfed in raging winds.
You block the air elemental's attack. x2
The air elemental hits you but does no damage.
You block the air elemental's attack. The air elemental hits you.
* * * LOW HITPOINT WARNING * * *
The air elemental hits you!
* * * LOW HITPOINT WARNING * * *
You hear a distant slurping noise.
You feel better. You block the air elemental's attack.
The air elemental hits you!
* * * LOW HITPOINT WARNING * * *
Okay, then.
You feel much better.
You are engulfed in raging winds.
The wind drake dies!
The winds around the air elemental start to calm down.
* * * LOW HITPOINT WARNING * * *
The winds around the air elemental start to calm down.
You block the air elemental's attack. The air elemental hits you!
* * * LOW HITPOINT WARNING * * *
You block the air elemental's attack. x2; The air elemental hits you.
* * * LOW HITPOINT WARNING * * *
The air elemental hits you!
* * * LOW HITPOINT WARNING * * *
You hear a distant slurping noise.
Jiyva alters your body.
The jelly growth is reabsorbed into your body.
You feel better. You block the air elemental's attack.
The wind drake flaps its wings at you. The air twists around and strikes you!
You die...

▓....©....▓...©...▓
,,
▓▓▓▓▓▓▓▓▓▓▓▓▓▓▓▓▓▓▓
,
▓...8©8...▓..8©8..▓
,
▓..[))|)..▓..)....▓
▓...§§§§§§▓....)..▓
,▓...§§§§§§▓.......▓
, ,
▓...§§k§§§▓...))).▓
▓...§§§E§§▓..)))..▓
▓...§§§E@§▓.......▓
,
,▓.▓.§E§E▓E▓.▓...▓.▓
,
▓...§§§§§§▓...©...▓
* * *
▓▓▓▓▓▓▓▓▓▓▓▓▓▓▓▓▓▓▓
, © , * , , * ,, , ,
* , *,,, ,, , , ,
,,,, , , ,, , , ,


You could see a wind drake (repels missiles) and 5 air elementals.

Vanquished Creatures
  2 jumping spiders (D)
  A redback (D)
  2 tarantellas (D)
  2 orc warriors (D)
  A black bear (D)
  A bullfrog (D)
  6 scorpions (D)
  2 quasits (D)
  An orc priest (D)
  An iron imp (D)
  2 orc wizards (D)
  3 river rats (D)
  2 white imps (D)
  An ufetubus (D)
  An adder skeleton (D)
  An orc (D)
  A quokka zombie (D)
30 creatures vanquished.

Vanquished Creatures (collateral kills)
  A deep elf knight (D)
  A deep elf pyromancer (D)
  A wolf spider (D)
  An apocalypse crab (D)
  A spriggan (D)
  A redback (D)
  A black bear (D)
7 creatures vanquished.

Vanquished Creatures (others)
  A great orb of eyes (D)
  A wind drake (D)
  7 jellies (D)
9 creatures vanquished.

Grand Total: 46 creatures vanquished

Notes
Turn   | Place    | Note
-------+----------+-------------------------------------------
     0 | D        | Zeld the Octopode Fighter began the quest for the Orb.
     0 | D        | Reached XP level 1. HP: 16/16 MP: 1/1
     0 | D        | Found a blossoming altar of Fedhas.
     0 | D        | Banished a spatial maelstrom
     1 | D        | Found the +6 Majin-Bo {vamp, MP+6 Int+6}
     1 | D        | Found the +9 heavy crossbow "Sniper" {vorpal, Acc+∞ SInv}
     1 | D        | Found the +10 dark maul {vorpal}
     1 | D        | Found the +15 Maxwell's patent armour {-Cast -Tele rElec
                  | Will+ rCorr}
     1 | D        | Found the +18 shield of the Gong {rElec rN+ Will+ EV-5}
     1 | D        | Found the +14 obsidian axe {vorpal, Drain Fly SInv}
     1 | D        | Found the +7 great mace "Firestarter" {inner flame, rF++}
     1 | D        | Found the +6 shillelagh "Devastator" {shatter}
     1 | D        | Found the +11 plutonium sword {Contam Stlth-}
     1 | D        | Found the +8 lance "Wyrmbane" {slay drac, rPois rF+ rC+
                  | AC+3}
     1 | D        | Found the +9 sword of Zonguldrok {reap}
     1 | D        | Found the +13 scythe of Curses {drain, Drain}
     1 | D        | Found the +5 sword of Power {vorpal}
     1 | D        | Found the +7 mace of Variability {chain chaos}
     1 | D        | Found the +7 Singing Sword {vorpal, sonic wave}
     1 | D        | Found the +8 storm bow {elec, penet}
     1 | D        | Found a shimmering blue altar of Sif Muna.
     1 | D        | Found a sacrificial altar of Ru.
     1 | D        | Found a bloodstained altar of Trog.
     1 | D        | Found a stormy altar of Qazlal.
     1 | D        | Found an iron altar of Okawaru.
     1 | D        | Found a sparkling altar of Nemelex Xobeh.
     3 | D        | Found a transporter.
     3 | D        | Found an ancient bone altar of Kikubaaqudgha.
     3 | D        | Found a viscous altar of Jiyva.
     3 | D        | Found a corrupted altar of Lugonu.
     3 | D        | Found a hazy altar of Hepliaklqana.
     3 | D        | Found a burning altar of Makhleb.
     3 | D        | Found an opulent altar of Gozag.
    14 | D        | Banished a spatial maelstrom
    53 | D        | Reached skill level 5 in Fighting
    53 | D        | Reached skill level 5 in Shields
    53 | D        | Reached XP level 2. HP: 24/24 MP: 2/2
    56 | D        | Became a worshipper of Jiyva Joaduac the Shapeless
    56 | D        | Reached * piety under Jiyva
    56 | D        | Reached ** piety under Jiyva
    56 | D        | Reached *** piety under Jiyva
    56 | D        | Gained mutation: Armour fits poorly on your pseudopods.
                  | [Jiyva's grace]
    56 | D        | Reached **** piety under Jiyva
    56 | D        | Gained mutation: Your flesh is cold resistant. (rC+)
                  | [Jiyva's grace]
    56 | D        | Reached ***** piety under Jiyva
    56 | D        | Gained mutation: You have supernaturally acute eyesight.
                  | (SInv) [Jiyva's grace]
    56 | D        | Gained mutation: You are partially covered in iridescent
                  | scales. (AC +2) [Jiyva's grace]
    56 | D        | Reached ****** piety under Jiyva
    56 | D        | Lost mutation: You are partially covered in iridescent
                  | scales. (AC +2) [Jiyva's grace]
    56 | D        | Gained mutation: You are somewhat resistant to further
                  | mutation. [Jiyva's grace]
    56 | D        | Gained mutation: One of your tentacles bears a spike.
                  | [Jiyva's grace]
    56 | D        | Lost mutation: One of your tentacles bears a spike.
                  | [Jiyva's grace]
    56 | D        | Gained mutation: Your body sometimes deteriorates upon
                  | taking damage. [Jiyva's grace]
    56 | D        | Lost mutation: You have supernaturally acute eyesight.
                  | (SInv) [Jiyva's grace]
    56 | D        | Lost mutation: Your body sometimes deteriorates upon taking
                  | damage. [Jiyva's grace]
    56 | D        | Lost mutation: You are somewhat resistant to further
                  | mutation. [Jiyva's grace]
    56 | D        | Lost mutation: Armour fits poorly on your pseudopods.
                  | [Jiyva's grace]
    56 | D        | Gained mutation: You have a small jelly attached to you
                  | that senses nearby items. [Jiyva's grace]
    56 | D        | Lost mutation: You have a small jelly attached to you that
                  | senses nearby items. [Jiyva's grace]
    56 | D        | Gained mutation: Your flesh is very cold resistant. (rC++)
                  | [Jiyva's grace]
    56 | D        | Gained mutation: Your flesh is almost immune to the effects
                  | of cold. (rC+++) [Jiyva's grace]
    56 | D        | Gained mutation: Your melee attacks may engulf your foes in
                  | ooze. [Jiyva's grace]
    56 | D        | Lost mutation: Your melee attacks may engulf your foes in
                  | ooze. [Jiyva's grace]
    56 | D        | Gained mutation: You passively map a small area around you.
                  | [Jiyva's grace]
    56 | D        | Gained mutation: You evolve. [Jiyva's grace]
    56 | D        | Gained mutation: You have supernaturally acute eyesight.
                  | (SInv) [Jiyva's grace]
    56 | D        | Gained mutation: You are weak. (Str -2) [Jiyva's grace]
    57 | D        | Lost mutation: You are weak. (Str -2) [Jiyva's power]
    57 | D        | Lost mutation: You evolve. [Jiyva's grace]
    58 | D        | Lost mutation: Your flesh is almost immune to the effects
                  | of cold. (rC+++) [Jiyva's grace]
    58 | D        | Gained mutation: Your pliable body absorbs attacks. (AC +2,
                  | EV +2) [Jiyva's grace]
    58 | D        | Lost mutation: You passively map a small area around you.
                  | [Jiyva's grace]
    58 | D        | Gained mutation: One of your tentacles bears a spike.
                  | [Jiyva's grace]
    59 | D        | Killed a great orb of eyes
    60 | D        | Entered arena 2.
    60 | D        | Noticed a deep elf pyromancer
    60 | D        | Noticed a deep elf knight
    60 | D        | Found a transporter.
    61 | D        | Gained mutation: Your natural rate of healing is unusually
                  | fast. [Jiyva's grace]
    61 | D        | Lost mutation: One of your tentacles bears a spike.
                  | [Jiyva's grace]
    61 | D        | Gained mutation: You possess an exceptional clarity of
                  | mind. [Jiyva's grace]
    61 | D        | Gained mutation: You occasionally shout uncontrollably at
                  | your foes. [Jiyva's grace]
    63 | D        | Lost mutation: You possess an exceptional clarity of mind.
                  | [Jiyva's grace]
    63 | D        | Lost mutation: Your pliable body absorbs attacks. (AC +2,
                  | EV +2) [Jiyva's grace]
    63 | D        | Gained mutation: Your pliable body absorbs attacks. (AC +2,
                  | EV +2) [Jiyva's grace]
    63 | D        | Gained mutation: Your spells are a little harder to cast,
                  | but a little more powerful. [Jiyva's grace]
    64 | D        | Killed a deep elf pyromancer
    65 | D        | Reached XP level 3. HP: 10/33 MP: 3/3
    65 | D        | Reached XP level 4. HP: 12/39 MP: 4/4
    65 | D        | Reached XP level 5. HP: 13/44 MP: 5/5
    65 | D        | Reached XP level 6. HP: 15/50 MP: 6/6
    65 | D        | Killed a deep elf knight
    65 | D        | Gained mutation: You are partially covered in large bone
                  | plates. (SH +4) [Jiyva's grace]
    65 | D        | Lost mutation: Your pliable body absorbs attacks. (AC +2,
                  | EV +2) [Jiyva's grace]
    66 | D        | Reached XP level 7. HP: 22/57 MP: 7/7
    67 | D        | Gained mutation: You expend magic power (3 MP) to
                  | strengthen your wands. [Jiyva's grace]
    69 | D        | Gained mutation: You have a beak for a mouth. [Jiyva's
                  | grace]
    69 | D        | Lost mutation: You expend magic power (3 MP) to strengthen
                  | your wands. [Jiyva's grace]
    69 | D        | Gained mutation: You are covered in slimy tendrils that may
                  | disarm your opponents. [Jiyva's grace]
    71 | D        | Gained mutation: Your skin blends seamlessly with your
                  | surroundings (Stealth++). [Jiyva's grace]
    71 | D        | Lost mutation: Your spells are a little harder to cast, but
                  | a little more powerful. [Jiyva's grace]
    71 | D        | Lost mutation: Your flesh is very cold resistant. (rC++)
                  | [Jiyva's grace]
    71 | D        | Gained mutation: Your melee attacks may engulf your foes in
                  | ooze. [Jiyva's grace]
    71 | D        | Lost mutation: Your flesh is cold resistant. (rC+) [Jiyva's
                  | grace]
    81 | D        | Gained mutation: You evolve. [Jiyva's grace]
    82 | D        | Gained mutation: Your muscles are strong. (Str +2) [Jiyva's
                  | grace]
    83 | D        | Gained mutation: Your body has grown golden eyes which may
                  | confuse attackers. (Acc +3) [Jiyva's grace]
    83 | D        | Lost mutation: Your melee attacks may engulf your foes in
                  | ooze. [Jiyva's grace]
    83 | D        | Lost mutation: Your body has grown golden eyes which may
                  | confuse attackers. (Acc +3) [Jiyva's grace]
    83 | D        | Gained mutation: You have a small jelly attached to you
                  | that may absorb incoming projectiles. [Jiyva's grace]
    83 | D        | Gained mutation: You have a small jelly attached to you
                  | that senses nearby items. [Jiyva's grace]
    85 | D        | Entered arena 3.
    85 | D        | Noticed a spriggan
    85 | D        | Lost mutation: Your natural rate of healing is unusually
                  | fast. [Jiyva's grace]
    85 | D        | Gained mutation: You have acidic saliva. [Jiyva's grace]
    85 | D        | Lost mutation: You occasionally shout uncontrollably at
                  | your foes. [Jiyva's grace]
    85 | D        | Gained mutation: Your mind is acute. (Int +2) [Jiyva's
                  | grace]
    85 | D        | Lost mutation: Your mind is acute. (Int +2) [Jiyva's grace]
    85 | D        | Found a transporter.
    89 | D        | Gained mutation: Your body has grown golden eyes which may
                  | confuse attackers. (Acc +3) [Jiyva's grace]
    90 | D        | Killed a spriggan
    91 | D        | Reached skill level 10 in Fighting
    92 | D        | Reached skill level 10 in Axes
    92 | D        | Reached skill level 10 in Shields
    92 | D        | Reached XP level 8. HP: 50/65 MP: 8/8
    95 | D        | Lost mutation: Your muscles are strong. (Str +2) [Jiyva's
                  | grace]
    99 | D        | Gained mutation: Your spells are a little easier to cast,
                  | but a little less powerful. [Jiyva's grace]
   101 | D        | Entered arena 4.
   101 | D        | Noticed an apocalypse crab
   101 | D        | Found a transporter.
   105 | D        | Gained mutation: You passively map a small area around you.
                  | [Jiyva's grace]
   106 | D        | Lost mutation: You have a small jelly attached to you that
                  | may absorb incoming projectiles. [Jiyva's grace]
   109 | D        | Killed an apocalypse crab
   110 | D        | Lost mutation: Your spells are a little easier to cast, but
                  | a little less powerful. [Jiyva's power]
   112 | D        | Gained mutation: You rapidly evolve. [Jiyva's grace]
   119 | D        | Lost mutation: You have supernaturally acute eyesight.
                  | (SInv) [Jiyva's grace]
   123 | D        | Entered arena 5.
   123 | D        | Found a transporter.
   127 | D        | Gained mutation: Your pliable body absorbs attacks. (AC +2,
                  | EV +2) [Jiyva's grace]
   135 | D        | Entered arena 6.
   135 | D        | Gained mutation: You have an increased reservoir of magic.
                  | (+10% MP) [Jiyva's grace]
   135 | D        | Found a transporter.
   143 | D        | Lost mutation: Your pliable body absorbs attacks. (AC +2,
                  | EV +2) [Jiyva's grace]
   147 | D        | Gained mutation: Your flesh is cold resistant. (rC+)
                  | [Jiyva's grace]
   151 | D        | Lost mutation: Your skin blends seamlessly with your
                  | surroundings (Stealth++). [Jiyva's grace]
   155 | D        | Lost mutation: You are covered in slimy tendrils that may
                  | disarm your opponents. [Jiyva's grace]
   162 | D        | Gained mutation: You are strong-willed. (Will+) [Jiyva's
                  | grace]
   163 | D        | Entered arena 7.
   163 | D        | Noticed a jumping spider
   163 | D        | Noticed a wolf spider
   163 | D        | Noticed a redback
   164 | D        | Found the +7 lajatang of Order {silver, rMut}
   164 | D        | Found a transporter.
   170 | D        | Gained mutation: Your melee attacks may engulf your foes in
                  | ooze. [Jiyva's grace]
   172 | D        | Killed a jumping spider
   173 | D        | Reached XP level 9. HP: 30/73 MP: 9/9
   173 | D        | Killed a wolf spider
   175 | D        | Lost mutation: You have a small jelly attached to you that
                  | senses nearby items. [Jiyva's grace]
   180 | D        | Lost mutation: You are partially covered in large bone
                  | plates. (SH +4) [Jiyva's grace]
   184 | D        | Lost mutation: You rapidly evolve. [Jiyva's grace]
   185 | D        | Got the Incunabulum of the Volcanoes and Enchantment
   188 | D        | Entered arena 8.
   189 | D        | Found a transporter.
   190 | D        | Lost mutation: You are strong-willed. (Will+) [Jiyva's
                  | grace]
   193 | D        | Gained mutation: You are robust. (+10% HP) [Jiyva's grace]
   197 | D        | Lost mutation: You have acidic saliva. [Jiyva's grace]
   203 | D        | Gained mutation: You have a small jelly attached to you
                  | that may absorb incoming projectiles. [Jiyva's grace]
   204 | D        | Got the Guide on Twisted Transmigration
   208 | D        | Lost mutation: You have a beak for a mouth. [Jiyva's grace]
   211 | D        | Entered arena 9.
   211 | D        | Noticed a jumping spider
   214 | D        | Found a transporter.
   215 | D        | Gained mutation: You are very robust. (+20% HP) [Jiyva's
                  | grace]
   219 | D        | Gained mutation: You are partially covered in iridescent
                  | scales. (AC +2) [Jiyva's grace]
   221 | D        | Killed a jumping spider
   224 | D        | Gained mutation: You have acidic saliva. [Jiyva's grace]
   230 | D        | Gained mutation: You are clumsy. (Dex -2) [Jiyva's grace]
   231 | D        | Entered arena 10.
   231 | D        | Noticed a wind drake
   231 | D        | Noticed a wind drake
   231 | D        | Noticed a wind drake
   233 | D        | Lost mutation: Your body has grown golden eyes which may
                  | confuse attackers. (Acc +3) [Jiyva's grace]
   235 | D        | Found a transporter.
   238 | D        | Killed a wind drake
   238 | D        | HP: 2/91 [air elemental (11)]
   238 | D        | Lost mutation: You have a small jelly attached to you that
                  | may absorb incoming projectiles. [Jiyva's grace]
   238 | D        | Killed from afar by a wind drake

Illustrated notes

Levels and vault maps discovered:
D:        sprint_v [room_start, room_1, room_2, room_3, room_4, room_5, room_6,
          room_7, room_8, room_9, room_10, room_11, room_12, room_13, room_14,
          room_15, room_16, room_17, room_18, room_19, room_20, room_21,
          room_22, room_23, room_24, room_25, room_26, room_27]

Skill      XL: |  1  2  3  4  5  6  7  8  9 |
---------------+----------------------------+-----
Fighting       | 5 8 9 10 11 13 | 13.0
Axes           | 4 8 9 10 11 12 | 12.8
Shields        | 5 8 9 10 11 13 | 13.0
Dodging        | |  3.0

Action                   |  1- 3 |  4- 6 |  7- 9 || total
-------------------------+-------+-------+-------++-------
Melee: Broad axe         |     2 |       |    47 ||    49
       Tentacles         |     1 |       |    16 ||    17
       Constrict         |       |       |    16 ||    16
       Bite              |       |       |    10 ||    10
       Peck              |       |       |    11 ||    11
Invok: Cure Bad Mutation |     1 |       |     1 ||     2
       Request Jelly     |       |       |     2 ||     2
  Use: Potion            |     1 |       |     4 ||     5
 Stab: Confused          |       |       |     2 ||     2
Armor: Skin              |       |       |     5 ||     5
Dodge: Dodged            |       |       |    27 ||    27
Block: Tower shield      |     4 |       |   100 ||   104

Table legend: (Time is in decaauts)
 A = Elapsed time spent in this place.
 B = Non-inter-level travel time spent in this place.
 C = Inter-level travel time spent in this place.
 D = Time resting spent in this place.
 E = Time spent auto-exploring this place.
 F = Levels seen in this place.
 G = Mean time per level.
                   A        B        C        D        E       F      G
               +--------+--------+--------+--------+--------+-----+--------+
         Total |    242 |    242 |      0 |      8 |      0 |   1 |  242.0 |
       Dungeon |    242 |    242 |      0 |      8 |      0 |   1 |  242.0 |
               +--------+--------+--------+--------+--------+-----+--------+

Top non-repeatable levels by time:
       D: 242 daAuts
